 Dungeon Crawl Stone Soup version 0.27-a0-1256-gced786f65e (webtiles) character file.

Game seed: 11661173044425394075

46 mordus the Cudgeller (level 3, -3/36 HPs)
             Began as a Troll Monk on June 10, 2021.
             Slain by Sigmund
             ... wielding a +0 scythe
              (8 damage)
             ... on level 2 of the Dungeon.
             The game lasted 00:01:35 (1040 turns).

mordus the Cudgeller (Troll Monk)                   Turns: 1040, Time: 00:01:35

Health: -3/36      AC:  4    Str: 20    XL:     3   Next: 46%
Magic:  2/2        EV: 10    Int:  6    God:
Gold:   126        SH:  0    Dex: 12    Spells: 2/2 levels left

rFire    . . .     SeeInvis .   a - +0 mace
rCold    . . .     Faith    .   (no shield)
rNeg     . . .     Spirit   .   b - +0 robe
rPois    .         Reflect  .   (helmet restricted)
rElec    .         Harm     .   (no cloak)
rCorr    .         Rampage  .   (gloves unavailable)
Will     .....                  (boots unavailable)
Stlth    ++........             (no amulet)
HPRegen  1.12/turn              (no ring)
MPRegen  0.08/turn              (no ring)

@: no status effects
A: large, unfitting armour, claws 3, regeneration 1, shaggy fur 1, tough skin 1
a: no special abilities


You were on level 2 of the Dungeon.
You visited 1 branch of the dungeon, and saw 2 of its levels.

You collected 126 gold pieces.

Inventory:

Hand Weapons
 a - a +0 mace (weapon)
Missiles
 c - a throwing net (quivered)
Armour
 b - a +0 robe (worn)
Scrolls
 d - a scroll of identify {unknown}
 e - a scroll of noise {unknown}
 f - a scroll of enchant weapon {unknown}
Potions
 g - a potion of ambrosia {unknown}


   Skills:
 - Level 2.4 Fighting
 + Level 4.1 Maces & Flails
 - Level 2.4 Dodging
 - Level 1.0 Stealth


You had 2 spell levels left.
You didn't know any spells.
Your spell library contained the following spells:

 Spells                   Type           Power      Damage    Failure   Level
 Beastly Appendage        Tmut           0%         N/A       45%         1
 Wereblood                Tmut           0%         N/A       58%         2
 Spider Form              Tmut/Pois      0%         N/A       83%         3
 Ice Form                 Ice/Tmut       0%         N/A       99%         4


Dungeon Overview and Level Annotations

Branches:
Dungeon (2/15)

Altars:

Shops:
D:1 [

Annotations:
D:2 Sigmund


Innate Abilities, Weirdness & Mutations

You are too large for most types of armour.
You have claws for hands.
Your natural rate of healing is unusually fast.
You are covered in fur. (AC +1)
You have tough skin. (AC +1)


Message History

The goblin is heavily wounded.
The goblin hits you with a +0 club.
Sigmund hits you from afar with a +0 scythe!
You hit the goblin.
You kill the goblin!
Sigmund closely misses you. Sigmund casts a spell at you.
The puff of flame hits you. Sigmund barely misses you.
You see here a +0 dagger.
Sigmund points at you and mumbles some strange words.
The puff of flame hits you!
There is a stone staircase leading up here.
You climb upwards.
There is a stone staircase leading down here.
You start resting.
HP restored.
You climb downwards.
Level annotation: Sigmund Sigmund gestures at you while chanting.
The magic dart hits you.
There is a stone staircase leading up here.
You see here a giant cockroach corpse.
Sigmund misses you. Sigmund gestures at you while chanting.
The puff of flame hits you!
You closely miss Sigmund. Sigmund barely misses you.
Sigmund gestures wildly while chanting.
Sigmund flickers and vanishes!
Deactivating autopickup; reactivate with Ctrl-A.
You hit something but do no damage. Something hits you.
You closely miss something. Something hits you!
You hit something but do no damage. Something hits you!
You sock something!
You hear some strange, mumbled words.
Something tries to affect you, but you resist.
Something hits you!
* * * LOW HITPOINT WARNING * * *
Something hits you!
You die...

..# ..# ..# ..# ..#######
...>....#######
..#.###.##....# ###
###.###.##....###<#######
###.............@........
.......<...####.#..##..##
.........#.# #{..)# ..
.........#.# #..##)......
...<.....#.# #..# .......
.......#.#.# #... .......
.......#.#.# #.#.........
.......#...# #.#.......##
....†..#...####.#.....#.#


There were no monsters in sight!

Vanquished Creatures
  An adder (D:2)
  2 dart slugs (D:1)
  4 endoplasms
  4 giant cockroaches
  A hobgoblin (D:1)
  4 jackals (D:1)
  2 ball pythons (D:1)
  6 bats
  2 frilled lizards (D:2)
  3 goblins
  A kobold (D:2)
  A rat (D:1)
31 creatures vanquished.

Notes
Turn   | Place    | Note
-------+----------+-------------------------------------------
     0 | D:1      | mordus the Troll Monk began the quest for the Orb.
     0 | D:1      | Reached XP level 1. HP: 22/22 MP: 0/0
    79 | D:1      | Reached skill level 3 in Maces & Flails
   162 | D:1      | Reached XP level 2. HP: 29/29 MP: 1/1
   240 | D:1      | Found Archey's Antique Armour Shop.
   483 | D:1      | Reached XP level 3. HP: 36/36 MP: 2/2
   687 | D:2      | Reached skill level 4 in Maces & Flails
  1001 | D:2      | Noticed Sigmund
  1040 | D:2      | Slain by Sigmund

Illustrated notes

Levels and vault maps discovered:
D:1:      dpeg_arrival_leaves_temple_mockup, layout_loops_ring, serial_shops,
          shop_coins
D:2:      layout_basic, minmay_tetromino_o2, uniq_sigmund, uniq_robin

Skill      XL: |  1  2  3 |
---------------+----------+-----
Maces & Flails | 3 4 |  4.1
Fighting       | |  2.4
Dodging        | |  2.4
Stealth        | |  1.0

Action                   || total
-------------------------++-------
Melee: Mace              ||   104
 Stab: Sleeping          ||     1
Armor: Robe              ||    42
Dodge: Dodged            ||    74

Table legend: (Time is in decaauts)
 A = Elapsed time spent in this place.
 B = Non-inter-level travel time spent in this place.
 C = Inter-level travel time spent in this place.
 D = Time resting spent in this place.
 E = Time spent auto-exploring this place.
 F = Levels seen in this place.
 G = Mean time per level.
                   A        B        C        D        E       F      G
               +--------+--------+--------+--------+--------+-----+--------+
         Total |   1063 |   1041 |     22 |    121 |    679 |   2 |  531.5 |
       Dungeon |   1063 |   1041 |     22 |    121 |    679 |   2 |  531.5 |
               +--------+--------+--------+--------+--------+-----+--------+

Top non-repeatable levels by time:
     D:1: 683 daAuts
     D:2: 380 daAuts
